Map: Ascension to Aiur LE

Players

Cuddlebear

  • Race: Zerg Zerg
  • League: Master
  • Spawn Location: 11:00

Maplez - Winner!

  • Race: Protoss Protoss
  • League: Master
  • Spawn Location: 5:00

VOD

Have the link to the VOD?

Description

Time

  • Played on: July 1, 2017, 7:02 p.m.
  • Length: 10:15
Show
View Real Time Build Order
Export as new Build Order

Cuddlebear Zerg 

Build Orders: Hatch First 

Get SALT Encoding   

  12  0:01  Drone  
  13  0:15  Overlord  
  13  0:17  Drone  
  14  0:34  Drone x2  
  16  0:39  Drone  
  17  0:54  Hatchery  
  16  0:58  Drone  
  16  1:02  Extractor  
  16  1:03  Drone  
  17  1:17  Spawning Pool  
  16  1:21  Drone  
  17  1:28  Drone  
  17  1:30  Drone  
  19  1:42  Overlord  
  19  1:52  Overlord  
  19  2:04  Queen  
  19  2:05  Zergling x2  
  22  2:08  Queen  
  22  2:12  Zergling x2  
  25  2:18  Metabolic Boost  
  25  2:21  Drone  
  26  2:26  Drone  
  26  2:28  Drone  
  28  2:32  Drone  
  28  2:36  Drone  
  30  2:55  Hatchery  
  30  2:58  Drone  
  30  3:00  Drone  
  30  3:03  Drone  
  32  3:12  Spore Crawler  
  31  3:20  Drone x2, Lair  
  31  3:21  Drone  
  31  3:24  Drone  
  35  3:27  Overlord  
  35  3:32  Drone x2  
  37  3:38  Drone x2  
  39  3:47  Baneling Nest  
  39  3:48  Drone x2  
  39  3:49  Drone  
  39  3:50  Zergling x2  
  39  3:52  Zergling x2  
  39  3:54  Zergling x2  
  44  3:56  Zergling x2  
  44  3:57  Zergling x2  
  46  4:05  Spore Crawler  
  46  4:07  Spore Crawler  
  46  4:08  Drone x3  
  47  4:23  Queen  
  49  4:25  Extractor  
  49  4:28  Drone x4, Extractor  
  49  4:29  Extractor  
  49  4:30  Drone  
  53  4:38  Drone x3  
  56  4:47  Drone, Hydralisk Den  
  56  4:48  Drone  
  56  4:50  Drone  
  56  4:51  Drone  
  57  4:57  Overlord  
  57  4:58  Overlord x3  
  57  5:01  Spore Crawler  
  56  5:07  Baneling x4  
  56  5:08  Baneling x3  
  54  5:35  Hydralisk  
  49  5:36  Hydralisk x7  
  63  5:44  Drone  
  63  5:45  Centrifical Hooks, Drone x2  
  65  5:52  Drone  
  65  5:53  Drone x3  
  65  5:54  Drone  
  65  5:55  Drone  
  64  6:04  Drone  
  64  6:08  Drone  
  64  6:09  Queen  
  67  6:13  Drone x3  
  67  6:15  Drone  
  67  6:18  Hydralisk  
  71  6:23  Overlord  
  71  6:25  Overlord  
  73  6:27  Overseer  
  73  6:41  Hydralisk x4  
  73  6:44  Hydralisk x2  
  85  6:47  Hydralisk  
  85  6:50  Hydralisk  
  85  6:53  Zergling x2  
  90  7:04  Overlord x4  
  90  7:13  Baneling x2  
  90  7:25  Hydralisk  
  90  7:26  Hydralisk x6  
  90  7:29  Hydralisk  
  104  7:34  Hydralisk  
  104  7:36  Hydralisk  
  108  7:40  Zergling x2  
  108  7:41  Zergling x2  
  108  7:42  Zergling x2  
  113  7:55  Zergling x16  
  113  7:56  Zergling x2  
  122  8:11  Baneling x2  
  122  8:21  Baneling x3  
  119  8:38  Hydralisk x7  
  119  8:40  Zergling x4  
  118  8:44  Baneling x2  
  118  8:46  Baneling  
  116  8:48  Baneling  
  112  8:59  Zergling x2  
  112  9:00  Zergling x28  
  114  9:06  Drone  
  109  9:11  Queen  
  110  9:20  Drone x3  
  113  9:26  Baneling x2  
  113  9:27  Baneling x3  
Show
View Real Time Build Order
Export as new Build Order

Maplez Protoss - Winner!

Build Orders: 1 Gate Expand, Oracle Opening 

Get SALT Encoding   

  12  0:01  Probe (Chrono Boost)  
  13  0:11  Probe (Chrono Boost)  
  14  0:17  Pylon  
  14  0:22  Probe (Chrono Boost)  
  16  0:35  Probe (Chrono Boost)  
  16  0:38  Gateway  
  16  0:46  Probe (Chrono Boost)  
  16  0:47  Assimilator  
  17  0:56  Probe (Chrono Boost)  
  18  1:07  Probe (Chrono Boost)  
  19  1:17  Probe (Chrono Boost)  
  20  1:23  Nexus  
  20  1:28  Probe (Chrono Boost)  
  21  1:37  Cybernetics Core  
  21  1:39  Probe (Chrono Boost)  
  22  1:48  Assimilator  
  22  1:50  Probe (Chrono Boost)  
  23  1:54  Pylon  
  23  2:12  Probe (Chrono Boost)  
  23  2:13  Adept (Chrono Boost)  
  23  2:14  Warp Gate  
  26  2:24  Probe  
  27  2:30  Stargate  
  27  2:34  Probe  
  27  2:36  Probe  
  29  2:43  Adept (Chrono Boost)  
  31  2:44  Probe  
  31  2:48  Probe  
  33  2:55  Probe (Chrono Boost)  
  34  3:01  Probe (Chrono Boost)  
  35  3:07  Adept, Probe (Chrono Boost)  
  35  3:11  Probe (Chrono Boost)  
  39  3:15  Oracle (Chrono Boost)  
  39  3:16  Probe (Chrono Boost)  
  41  3:23  Probe  
  41  3:25  Pylon  
  41  3:26  Probe  
  42  3:27  Gateway  
  42  3:33  Gateway  
  43  3:35  Probe  
  43  3:36  Mothership Core  
  46  3:43  Adept  
  46  3:47  Probe  
  49  3:50  Pylon  
  49  3:55  Probe  
  49  3:59  Probe  
  51  4:05  Phoenix (Chrono Boost)  
  51  4:06  Probe  
  54  4:11  Probe  
  54  4:16  Probe  
  55  4:23  Probe  
  57  4:27  Nexus, Probe  
  58  4:32  Pylon  
  58  4:35  Probe  
  58  4:38  Oracle (Chrono Boost)  
  62  4:48  Probe  
  62  4:50  Assimilator, Probe  
  62  4:51  Adept x3, Assimilator  
  70  4:55  Pylon  
  70  5:06  Pylon  
  70  5:12  Probe  
  70  5:13  Probe  
  72  5:19  Adept x3  
  78  5:23  Probe  
  78  5:25  Probe  
  80  5:33  Probe  
  77  5:37  Probe  
  77  5:38  Probe  
  79  5:44  Probe  
  79  5:45  Twilight Council  
  79  5:46  Robotics Facility  
  79  5:47  Sentry, Forge  
  79  5:48  Sentry x2  
  79  5:49  Probe x2  
  87  5:55  Probe  
  87  5:59  Probe  
  87  6:02  Probe  
  89  6:05  Probe  
  86  6:12  Resonating Glaives (Chrono Boost)  
  86  6:15  Gateway  
  86  6:16  Assimilator, Probe  
  86  6:17  Gateway  
  87  6:19  Sentry x3, Gateway  
  87  6:21  Assimilator  
  87  6:22  Gateway x2  
  87  6:23  Probe  
  87  6:24  Pylon  
  94  6:26  Probe  
  94  6:31  Photon Cannon, Probe  
  96  6:34  Probe  
  96  6:35  Immortal (Chrono Boost)  
  101  6:48  Photon Cannon  
  101  6:52  Protoss Ground Weapons Level 1 (Chrono Boost)  
  101  6:53  Adept x2  
  101  6:54  Adept  
  107  6:56  Pylon  
  107  6:59  Pylon  
  107  7:02  Probe  
  107  7:03  Probe  
  109  7:09  Immortal  
  109  7:10  Robotics Facility, Pylon  
  113  7:23  Adept x5  
  113  7:29  Pylon  
  123  7:38  Templar Archives  
  123  7:40  Pylon  
  123  7:44  Charge  
  123  7:46  Adept x3  
  123  7:47  Adept x3  
  123  7:49  Warp Prism (Chrono Boost)  
  136  7:59  Immortal (Chrono Boost)  
  136  8:04  Psionic Storm  
  140  8:09  Pylon  
  140  8:15  Photon Cannon  
  140  8:16  Probe  
  140  8:18  Photon Cannon  
  141  8:22  Pylon  
  141  8:26  Immortal  
  138  8:48  High Templar x2  
  138  8:49  High Templar x3, Probe  
  138  8:54  Probe  
  150  8:57  Probe  
  150  9:01  Probe  
  152  9:06  Probe  
  152  9:09  Probe, Immortal (Chrono Boost)  
  154  9:16  Adept x2, Nexus  
  154  9:17  Adept  
  156  9:36  High Templar x4  
  156  9:37  Pylon  
  164  9:41  Probe  
  160  9:52  Zealot  
  160  9:53  Zealot  
Tags
 
Add a new tag
Caveats
  • Supply blocks, unpowered buildings, or Contaminate may cause inaccurate times.
  • Supply counts are checked every 10 seconds.